 Dungeon Crawl Stone Soup version 0.14-a0-2910-g8a9724b (webtiles) character file.

267 MirrMurr the Sneak (level 5, -5/24 HPs)
             Began as a Spriggan Enchanter on Mar 2, 2014.
             Slain by a big kobold
             ... wielding a +0,+0 whip
              (8 damage)
             ... in a sewer.
             The game lasted 00:08:57 (4032 turns).

MirrMurr the Sneak (Spriggan Enchanter)             Turns: 4032, Time: 00:08:57

HP  -5/24        AC  4     Str  5      XL: 5   Next: 60%
MP   7/14        EV 18     Int 17      God:
Gold 52          SH  0     Dex 16      Spells:  3 memorised,  3 levels left

rFire  . . .     SeeInvis +     a - +1,+3 dagger
rCold  . . .     Clarity  .     b - +1 robe
rNeg   . . .     Conserve .     (shield restricted)
rPois  .         rCorr    .     (helmet restricted)
rElec  .         rRot     .     w - +0 cloak (curse)
SustAb . .       Spirit   .     (gloves unavailable)
rMut   .         Warding  .     (boots unavailable)
Saprov . . .     Stasis   .     (no amulet)
MR     .....                    (no ring)
                                (no ring)

@: very slightly contaminated, very quick, not resistant to hostile
enchantments, very stealthy
A: unfitting armour, see invisible, herbivore 3, speed 3, slow metabolism 2
a: no special abilities


You were in a sewer.
You were full.

You visited 1 branch of the dungeon, and saw 4 of its levels.
You also visited: Sewer.

You collected 52 gold pieces.

Inventory:

Hand weapons
 a - a +1,+3 dagger (weapon)
 t - a +0 blowgun
Missiles
 d - 12 darts (quivered)
 i - 94 stones
 s - 15 poisoned needles
Armour
 b - a +1 robe (worn)
 w - a cursed +0 cloak (worn)
Magical devices
 v - a wand of confusion (15)
Comestibles
 g - 3 chokos
 h - 5 bread rations
Scrolls
 f - a scroll of enchant armour {unknown}
 m - 2 scrolls of identify {unknown}
 n - a scroll of magic mapping {unknown}
 o - a scroll of enchant weapon II
 p - 2 scrolls of remove curse {unknown}
 r - a scroll of teleportation {unknown}
 u - a scroll of fog {unknown}
Potions
 e - a potion of porridge
 j - a potion of might {unknown}
 k - a potion of restore abilities {unknown}
 l - 2 potions of curing
 q - a potion of flight {unknown}
 x - a potion of magic {unknown}
Books
 c - a book of Maledictions

   Spells                             Type                      Level
   *Corona                            Hexes                        1
   Sure Blade                         Hexes/Charms                 2
   *Ensorcelled Hibernation           Hexes/Ice                    2
   *Confuse                           Hexes                        3
   Enslavement                        Hexes                        4
   Invisibility                       Hexes                        6


   Skills:
 + Level 3.5 Short Blades
 - Level 1.1 Throwing
 - Level 3.0 Dodging
 + Level 7.8 Stealth
 - Level 2.6 Spellcasting
 - Level 3.6 Hexes


You had 3 spell levels left.
You knew the following spells:

 Your Spells              Type           Power        Failure   Level  Hunger
a - Ensorcelled Hibernat  Hex/Ice        #.....       17%         2    ##.....
b - Confuse               Hex            ##......     14%         3    ###....
Z - Corona                Hex            ##.....      4%          1    #......


Dungeon Overview and Level Annotations

Branches:
Dungeon (4/16)
 Temple: D:4-7

Altars:
Elyvilon


Innate Abilities, Weirdness & Mutations

You are tiny and cannot use many weapons and most armour.
You have supernaturally acute eyesight.
You are a herbivore.
You cover ground extremely quickly.
You need consume almost no food.


Message History

Aiming: Ensorcelled Hibernation
Press: ? - help, Shift-Dir - straight line, f/p - big kobold
Aim: a big kobold, wielding a whip (lightly wounded, moving very quickly)
You miscast Ensorcelled Hibernation.
Nothing appears to happen.
The big kobold misses you.
You closely miss the big kobold.
The big kobold is lightly wounded.
The big kobold completely misses you.
Casting: Ensorcelled Hibernation
Confirm with . or Enter, or press ? or * to list all spells.
Aiming: Ensorcelled Hibernation
Press: ? - help, Shift-Dir - straight line, f/p - big kobold
Aim: a big kobold, wielding a whip (lightly wounded, moving very quickly)
The big kobold resists.
The big kobold misses you. The big kobold hits you with a whip.
* * * LOW HITPOINT WARNING * * *
You miss the big kobold.
The big kobold is lightly wounded.
The big kobold hits you with a whip!
You die...

##### ##...#
..≈.# ≈..
#K# #K# #@#
#.# ##.##
##≈≈.##
..####≈....#
..≈≈≈≈.≈.≈≈#
!.####...≈.#
##.≈≈## #≈#
##≈##


You could see 2 big kobolds.

Vanquished Creatures
  The ghost of ciphuk the Cudgeler, an average MiBe of Trog (D:3)
  Terence (D:3)
  2 adders (D:3)
  4 giant mites
  A worm (Sewer)
  3 giant geckos
  An ooze (Sewer)
  3 orcs (D:4)
  5 bats
  4 goblins (D:1)
  4 hobgoblins
  A quokka (D:3)
  2 ball pythons
  5 giant cockroaches
  9 giant newts
  2 jackals (D:1)
  8 kobolds
  A kobold skeleton (D:3)
  7 rats
64 creatures vanquished.

Notes
Turn   | Place    | Note
--------------------------------------------------------------
     0 | D:1      | MirrMurr, the Spriggan Enchanter, began the quest for the Orb.
     0 | D:1      | Reached XP level 1. HP: 9/9 MP: 4/4
   453 | D:1      | Reached skill level 4 in Stealth
   589 | D:1      | Reached XP level 2. HP: 13/13 MP: 7/7
   594 | D:1      | Learned a level 2 spell: Ensorcelled Hibernation
  1183 | D:1      | Reached skill level 5 in Stealth
  1839 | D:2      | Reached XP level 3. HP: 16/16 MP: 9/9
  1844 | D:2      | Learned a level 3 spell: Confuse
  2861 | D:3      | Noticed Terence
  2869 | D:3      | Killed Terence
  2869 | D:3      | Reached skill level 6 in Stealth
  2949 | D:3      | Found a white marble altar of Elyvilon.
  2954 | D:3      | Reached XP level 4. HP: 21/21 MP: 12/12
  3354 | D:3      | Noticed ciphuk's ghost (average MiBe)
  3553 | D:3      | Killed ciphuk's ghost
  3553 | D:3      | Reached skill level 7 in Stealth
  3553 | D:3      | Reached XP level 5. HP: 24/24 MP: 10/14
  3895 | D:4      | Found a glowing drain.
  3938 | Sewer    | Entered a sewer
  4032 | Sewer    | Slain by a big kobold

Action                   |  1- 3 |  4- 6 || total
-------------------------+-------+-------++-------
Melee: Dagger            |   137 |    78 ||   215
Throw: Dart              |     2 |       ||     2
 Cast: Ensorcelled Hiber |     4 |     7 ||    11
       Corona            |     1 |       ||     1
       Confuse           |       |     5 ||     5
Evoke: Wand              |     1 |       ||     1
  Use: Scroll            |     2 |       ||     2
       Potion            |     1 |       ||     1
 Stab: Sleeping          |    12 |     9 ||    21
       Confused          |     1 |     2 ||     3
